 Dungeon Crawl Stone Soup version 0.25-a0-577-ga4619f409e (webtiles) character file.

Game seed: 17659887727244404359, levelgen mode: deterministic

181848 tilp the Stormcaller (level 18, -31/122 HPs)
             Began as a Tengu Air Elementalist on Mar 1, 2020.
             Was an Elder of Sif Muna.
             Killed from afar by a nagaraja (40 damage)
             ... with a lance of force
             ... on level 2 of the Snake Pit on Mar 2, 2020.
             The game lasted 01:57:06 (55226 turns).

tilp the Stormcaller (Tengu Air Elementalist)      Turns: 55226, Time: 01:57:06

Health: -31/122    AC: 11    Str: 10    XL:     18   Next: 32%
Magic:  5/35       EV: 23    Int: 28    God:    Sif Muna [****..]
Gold:   1476       SH:  7    Dex: 15    Spells: 21/41 levels left

rFire    + . .     SeeInvis +   a - +2 war axe (elec)
rCold    . . .     Gourm    .   T - +2 buckler
rNeg     . . .     Faith    .   B - +2 leather armour {rF+}
rPois    +         Spirit   .   (helmet restricted)
rElec    .         Reflect  .   I - +2 cloak {+Inv}
rCorr    .         Harm     .   z - +2 pair of gloves
MR       +....                  (boots unavailable)
Stlth    ++........             (no amulet)
HPRegen  0.30/turn              Y - ring of poison resistance
MPRegen  0.24/turn              F - ring of the Thirsty Cities {Int+6 SInv}

@: lethally poisoned (-31 -> -36), flying quickly and evasively, quick
A: beak, talons 3, able to fly
a: Stop Flying, Channel Magic, Forget Spell, Divine Exegesis, Renounce Religion,
Evoke Invisibility


You were on level 2 of the Snake Pit.
You worshipped Sif Muna.
Sif Muna was greatly pleased with you.
You were very hungry.

You visited 6 branches of the dungeon, and saw 30 of its levels.

You collected 3327 gold pieces.
You spent 1851 gold pieces at shops.

Inventory:

Hand Weapons
 a - a +2 war axe of electrocution (weapon)
 b - a +0 scimitar of flaming
 E - the +1 short sword "Woshept" {vorpal, MR+}
   (You found it on level 8 of the Dungeon)

   It inflicts extra damage upon your enemies.
   It affects your resistance to hostile enchantments.
Missiles
 h - a throwing net
 j - 18 curare-tipped darts (quivered)
 m - 22 poisoned darts
 s - 6 datura-tipped darts
 W - 2 atropa-tipped darts
Armour
 t - the +2 leather armour of Akky {rC+ Regen+ Str+3}
   (You found it on level 5 of the Dungeon)

   It affects your strength (+3).
   It protects you from cold.
   It increases your rate of regeneration.
   If you switch to wearing this armour, your AC will remain unchanged.
 z - a +2 pair of gloves (worn)
 B - a +2 leather armour of fire resistance (worn)
 I - a +2 cloak of invisibility (worn)
 K - the +11 chain mail of Nejoud {+Fly rC++ MP+9 Int-2}
   (You found it on level 6 of the Lair of Beasts)

   It affects your intelligence (-2).
   It greatly protects you from cold.
   It affects your magic capacity (+9).
   It lets you fly.
   If you switch to wearing this armour, your AC will increase by 14 (11 -> 25).
 T - a +2 buckler (worn)
 X - the +1 ring mail of the Devil's Team {*Corrode rF+ rC+++ Int+4}
   (You found it on level 5 of the Lair of Beasts)

   It affects your intelligence (+4).
   It protects you from fire.
   It renders you almost immune to cold.
   It may corrode you when you take damage.
   If you switch to wearing this armour, your AC will increase by 1 (11 -> 12).
Magical Staves
 R - an uncursed staff of earth {unknown}
Jewellery
 o - an uncursed ring of ice
 p - an uncursed ring of wizardry
 u - an uncursed ring of protection from fire
 y - a +4 ring of protection
 D - an uncursed amulet of regeneration {unknown}
 F - the ring of the Thirsty Cities (right hand) {Int+6 SInv}
   (You acquired it on level 2 of the Snake Pit)

   [ring of see invisible]

   It affects your intelligence (+6).
   It lets you see invisible.
 M - an uncursed amulet of rage {unknown}
 Y - a ring of poison resistance (left hand)
 Z - an uncursed amulet of faith
Wands
 v - a wand of flame (8)
 w - a wand of clouds (3)
 x - a wand of acid (4)
 A - a wand of iceblast (11)
 C - a wand of paralysis (4)
 H - a wand of digging (9)
 O - a wand of scattershot (1)
 Q - a wand of enslavement (8)
Scrolls
 i - 3 scrolls of enchant armour
 k - 6 scrolls of magic mapping
 l - 12 scrolls of teleportation
 q - 6 scrolls of fear
 r - 7 scrolls of remove curse
 G - 4 scrolls of fog
 J - 2 scrolls of enchant weapon
Potions
 d - 7 potions of curing
 e - a potion of ambrosia
 f - 3 potions of invisibility
 g - a potion of brilliance
 n - a potion of magic
 L - a potion of cancellation
 N - 5 potions of haste
 S - 3 potions of mutation
Miscellaneous
 P - a lamp of fire
Comestibles
 c - 12 rations


   Skills:
 + Level 16.7 Fighting
 - Level 12.0 Dodging
 - Level 4.0 Stealth
 - Level 4.1 Shields
 - Level 12.0 Spellcasting
 - Level 6.2 Conjurations
 - Level 18.0 Air Magic
 - Level 10.0 Invocations
 - Level 6.0 Evocations


You had 21 spell levels left.
You knew the following spells:

 Your Spells              Type           Power        Failure   Level  Hunger
a - Shock                 Conj/Air       ####         1%          1    None
b - Swiftness             Chrm/Air       ######..     1%          2    None
c - Static Discharge      Conj/Air       ######..     1%          3    None
d - Airstrike             Air            #######...   1%          4    None
e - Lightning Bolt        Conj/Air       ######....   1%          5    ###....
f - Mephitic Cloud        Conj/Pois/Air  ######..     1%          3    None
g - Blink                 Tloc           N/A          7%          2    None

Your spell library contained the following spells:

 Spells                   Type           Power        Failure   Level  Hunger
 Magic Dart               Conj           ####         1%          1    None
 Conjure Flame            Conj/Fire      ####....     3%          3    None
 Summon Butterflies       Summ           ###.....     4%          1    None
 Call Imp                 Summ           ###.....     7%          2    None
 Slow                     Hex            ###.....     7%          2    None
 Fulminant Prism          Conj/Hex       ####......   12%         4    None
 Sticky Flame             Conj/Fire      ####....     12%         4    None
 Call Canine Familiar     Summ           ###.....     13%         3    None
 Freezing Cloud           Conj/Ice/Air   ######....   24%         6    #####..
 Animate Dead             Necr           N/A          41%         4    None
 Cause Fear               Hex            ###.......   41%         4    None
 Dispel Undead            Necr           ###.....     41%         4    None
 Leda's Liquefaction      Hex/Erth       ###.......   41%         4    None
 Summon Ice Beast         Ice/Summ       ###.....     41%         4    None
 Aura of Abjuration       Summ           ###.......   77%         5    ###....
 Metabolic Englaciation   Hex/Ice        ###.......   77%         5    ###....
 Summon Mana Viper        Hex/Summ       ###.....     77%         5    ###....
 Summon Hydra             Summ           ###.......   100%        7    ######.


Dungeon Overview and Level Annotations

Branches:
Dungeon (15/15)            Temple (1/1) D:7            Lair (6/6) D:10
  Swamp (3/4) Lair:2        Snake (3/4) Lair:2        Slime (0/5) Lair:5
    Orc (2/2) D:11            Elf (0/3) Orc:2        Vaults (0/5) D:13
 Depths (0/5) D:15

Altars:
Ashenzari
Cheibriados
Dithmenos
Elyvilon
Fedhas
Gozag
Hepliaklqana
Kikubaaqudgha
Makhleb
Nemelex Xobeh
Okawaru
Qazlal
Ru
Sif Muna
Trog
Uskayaw
Vehumet
Wu Jian
Xom
Yredelemnul
Zin
The Shining One
Beogh
Jiyva

Shops:
D:13 (   Orc:1 }   Orc:2 ?![}

Annotations:
D:12 1 runed translucent door, Mushotsu's ghost, journeyman HOFi
Orc:1 2 transporters, Dysch's ghost, adept OpEn
Orc:2 2 transporters, mopl's ghost, journeyman GrMo


Innate Abilities, Weirdness & Mutations

You have a beak for a mouth.
You have claws for feet.
You can fly continuously.


Message History

You slash the nagaraja!
You claw the nagaraja, but do no damage.
The nagaraja is severely wounded.
You are feeling very hungry.
You feel sick. The nagaraja hits you with a +0 flail!
* * * LOW HITPOINT WARNING * * *
The nagaraja grabs you.
* * * LOW HITPOINT WARNING * * *
The nagaraja constricts you.
The nagaraja hits you but does no damage.
* * * LOW HITPOINT WARNING * * *
The nagaraja constricts you.
Unknown command.
Unknown command.
Unknown command.
You escape the nagaraja's grasp.
You feel sick.
The nagaraja gestures at you while chanting.
The lance of force hits you!!!
You die...

##### #...# #####.<.#
#######...#...#
#...>.@......##########
#.#.N.#................
#.#...####..#....######
##.##### ##..#.........
##...# ##...).######
#....# ##.##...##
#....# #.......#
###....# ####....#
#...#.## ###.##


You could see a nagaraja.

Vanquished Creatures
  A nagaraja (Snake:3)
  Aizul (Swamp:3)
  An orc warlord (Orc:1)
  2 very ugly things (Swamp:2)
  A fire dragon (D:15)
  Harold (D:7)
  8 vault guards
  A quicksilver dragon skeleton (D:15)
  Josephine (D:13)
  13 hydras
  2 naga warriors (Snake:3)
  A shambling mangrove (Swamp:3)
  An ice dragon (Lair:6)
  Erica (D:11)
  4 centaur warriors
  A catoblepas (Lair:6)
  6 two-headed ogres
  6 alligators
  4 anacondas
  3 death yaks (Lair:5)
  An ogre mage (Orc:2)
  2 orc high priests
  A vampire mage (D:15)
  A naga sharpshooter (Snake:1)
  4 shock serpents
  2 spriggans (Swamp:2)
  Sonja (Lair:1)
  Nergalle (D:10)
  2 skeletal warriors (D:15)
  A spriggan druid (Swamp:2)
  An unseen horror (D:9)
  A naga ritualist (Snake:3)
  3 swamp dragons
  A mana viper (Snake:1)
  2 lindwurms (Lair:6)
  A necromancer (D:15)
  An orc knight (Orc:1)
  18 ugly things
  6 cyclopes
  10 orc sorcerers
  A wolf spider zombie (D:15)
  A deep elf mage (D:15)
  A stone giant zombie (D:15)
  An iron dragon skeleton (D:15)
  A salamander (Snake:2)
  14 elephants
  19 black mambas
  13 spiny frogs
  5 torpor snails (Lair:6)
  A yaktaur zombie (D:15)
  4 naga magi
  4 rime drakes
  2 gargoyles (D:10)
  10 komodo dragons
  A tengu conjurer (D:14)
  11 trolls
  10 polar bears
  13 tyrant leeches
  12 hornets
  Prince Ribbit (D:7)
  A wind drake (shapeshifter) (D:15)
  14 blink frogs
  4 bog bodies
  16 slime creatures
  11 hippogriffs
  2 shadows
  4 wyverns
  5 wraiths
  23 yaks
  A vampire (D:11)
  5 basilisks
  A steam dragon (D:13)
  Menkaure (D:7)
  Grum (D:10)
  11 vampire mosquitoes
  17 insubstantial wisps
  9 wargs
  9 swamp worms
  10 nagas
  4 water moccasins
  17 hell hounds (Lair:6)
  A water moccasin (shapeshifter) (D:15)
  7 porcupines
  24 orc warriors
  2 sky beasts
  17 black bears
  2 ice beasts (D:9)
  6 swamp drakes
  2 phantoms
  4 eyes of draining
  8 ogres
  22 wolves
  16 centaurs
  2 big kobolds
  13 crocodiles
  23 bullfrogs
  A wyvern skeleton (D:12)
  4 scorpions
  A water moccasin skeleton (D:8)
  8 killer bees
  13 wights
  2 howler monkeys
  6 centaur zombies
  4 bullfrog zombies
  7 crimson imps
  14 jellies
  5 hounds
  41 orc wizards
  A quasit (D:12)
  Crazy Yiuf (D:3)
  2 centaur skeletons
  21 orc priests
  4 bullfrog skeletons
  3 iguanas
  12 worker ants
  3 hound skeletons
  A howler monkey zombie (D:8)
  3 worker ant zombies
  2 howler monkey skeletons
  3 gnolls (D:4)
  11 adders
  8 shadow imps
  7 oozes
  4 adder zombies
  2 adder skeletons
  A worm (D:4)
  2 dart slugs (D:3)
  12 leopard geckos
  111 orcs
  6 ball pythons
  7 giant cockroaches
  6 goblins
  8 hobgoblins
  7 quokkas
  10 bats
  13 frilled lizards
  3 jackal zombies
  19 kobolds
  9 rats
  2 fungi
969 creatures vanquished.

Vanquished Creatures (others)
  47 fungi
  38 plants
  5 withered plants (D:15)
90 creatures vanquished.

Grand Total: 1059 creatures vanquished

Notes
Turn   | Place    | Note
-------+----------+-------------------------------------------
     0 | D:1      | tilp the Tengu Air Elementalist began the quest for the
                  | Orb.
     0 | D:1      | Reached XP level 1. HP: 10/10 MP: 4/4
   145 | D:1      | Reached XP level 2. HP: 15/15 MP: 3/6
   177 | D:1      | Learned a level 2 spell: Swiftness
   401 | D:1      | Reached XP level 3. HP: 19/19 MP: 4/7
   406 | D:1      | Learned a level 3 spell: Static Discharge
  1375 | D:2      | Reached XP level 4. HP: 24/24 MP: 5/8
  1717 | D:2      | Found a sacrificial altar of Ru.
  1776 | D:2      | Reached skill level 5 in Conjurations
  1835 | D:3      | Reached skill level 5 in Air Magic
  2125 | D:3      | Gained mutation: You can fly continuously. [Tengu growth]
  2125 | D:3      | Reached XP level 5. HP: 28/28 MP: 3/9
  2430 | D:3      | Found a snail-covered altar of Cheibriados.
  2612 | D:3      | Found a runed translucent door.
  2613 | D:3      | Noticed Crazy Yiuf
  3318 | D:4      | Reached skill level 6 in Air Magic
  3318 | D:4      | Reached XP level 6. HP: 32/32 MP: 6/10
  3966 | D:4      | Reached XP level 7. HP: 26/36 MP: 6/13
  4064 | D:4      | Learned a level 4 spell: Airstrike
  4144 | D:4      | Reached skill level 1 in Fighting
  4973 | D:4      | Found an iron altar of Okawaru.
  5070 | D:5      | Entered Level 5 of the Dungeon
  5070 | D:5      | Found an ancient bone altar of Kikubaaqudgha.
  5181 | D:5      | Got a steaming leather armour
  5226 | D:5      | Reached XP level 8. HP: 41/46 MP: 10/15
  5480 | D:5      | Found a burning altar of Makhleb.
  5716 | D:5      | Reached skill level 5 in Dodging
  6704 | D:6      | Found a basalt altar of Yredelemnul.
  6775 | D:6      | Found a sparkling altar of Nemelex Xobeh.
  6803 | D:6      | Identified the +2 leather armour of Akky {rC+ Regen+ Str+3}
                  | (You found it on level 5 of the Dungeon)
  7058 | D:6      | Reached skill level 7 in Air Magic
  7058 | D:6      | Reached XP level 9. HP: 51/52 MP: 17/17
  7084 | D:6      | Found a shattered altar of Ashenzari.
  7161 | D:7      | Reached skill level 5 in Spellcasting
  7237 | D:7      | Reached skill level 8 in Air Magic
  7347 | D:7      | Noticed Menkaure
  7353 | D:7      | Killed Menkaure
  7462 | D:7      | Noticed Prince Ribbit
  7496 | D:7      | Killed Prince Ribbit
  7586 | D:7      | Reached skill level 9 in Air Magic
  7698 | D:7      | Found a staircase to the Ecumenical Temple.
  7714 | Temple   | Entered the Ecumenical Temple
  7922 | Temple   | Became a worshipper of Sif Muna the Loreminder
  8047 | D:7      | Noticed Harold
  8757 | D:8      | Got a steaming short sword
  8772 | D:8      | Reached skill level 10 in Air Magic
  8795 | D:8      | Reached skill level 1 in Evocations
  8797 | D:8      | Reached skill level 1 in Invocations
  9169 | D:8      | Reached * piety under Sif Muna
  9208 | D:8      | Found a shadowy altar of Dithmenos.
  9216 | D:8      | Found a glowing silver altar of Zin.
  9218 | D:8      | Noticed an angel
  9233 | D:8      | Found a bloodstained altar of Trog.
  9245 | D:8      | Reached XP level 10. HP: 56/56 MP: 20/20
  9389 | D:8      | Found a shimmering altar of Xom.
  9962 | D:8      | Identified the +1 short sword "Woshept" {vorpal, MR+} (You
                  | found it on level 8 of the Dungeon)
 10364 | D:9      | Found a hazy altar of Hepliaklqana.
 10404 | D:9      | Reached ** piety under Sif Muna
 10432 | D:9      | Reached skill level 5 in Invocations
 10883 | D:9      | Learned a level 5 spell: Lightning Bolt
 10887 | D:9      | Learned a level 3 spell: Mephitic Cloud
 10890 | D:9      | Learned a level 2 spell: Blink
 10985 | D:10     | Entered Level 10 of the Dungeon
 11389 | D:10     | Noticed Grum
 11404 | D:10     | Killed Grum
 11484 | D:10     | Noticed Nergalle
 11494 | D:10     | Killed Nergalle
 11699 | D:10     | Reached skill level 11 in Air Magic
 11709 | D:10     | Noticed a two-headed ogre
 11800 | D:10     | Killed a two-headed ogre
 11800 | D:10     | Reached XP level 11. HP: 61/61 MP: 10/23
 12064 | D:10     | Found a staircase to the Lair.
 12071 | D:10     | Reached skill level 12 in Air Magic
 13216 | D:3      | Killed Crazy Yiuf
 13398 | D:9      | Killed an unseen horror
 13398 | D:9      | Reached skill level 5 in Fighting
 13545 | D:11     | Noticed a two-headed ogre
 13550 | D:11     | Killed a two-headed ogre
 13812 | D:11     | Found a staircase to the Orcish Mines.
 13832 | D:11     | Reached *** piety under Sif Muna
 13833 | D:11     | Noticed a green ugly thing
 13841 | D:11     | Killed a green ugly thing
 14276 | D:11     | Noticed a two-headed ogre
 14281 | D:11     | Killed a two-headed ogre
 14427 | D:11     | Noticed a cyclops
 14431 | D:11     | Killed a cyclops
 14489 | D:11     | Noticed Erica
 14505 | D:11     | Killed Erica
 14505 | D:11     | Reached XP level 12. HP: 55/74 MP: 10/25
 14841 | D:11     | Reached skill level 5 in Evocations
 15076 | D:11     | Reached skill level 1 in Shields
 15629 | Lair:1   | Entered Level 1 of the Lair of Beasts
 15643 | Lair:1   | Reached **** piety under Sif Muna
 15660 | Lair:1   | Noticed Sonja
 15797 | Lair:1   | Your ally died
 16346 | Lair:1   | Found a snail-covered altar of Cheibriados.
 16991 | Lair:2   | Found a staircase to the Snake Pit.
 17007 | Lair:2   | Found a staircase to the Swamp.
 17512 | Lair:2   | Got a smelly leather armour
 17826 | Lair:3   | Reached skill level 13 in Air Magic
 17963 | Lair:3   | Noticed a four-headed hydra
 17973 | Lair:3   | Killed a four-headed hydra
 18039 | Lair:3   | Reached XP level 13. HP: 68/78 MP: 19/26
 18211 | Lair:3   | Reached skill level 14 in Air Magic
 19026 | Lair:4   | Reached skill level 15 in Air Magic
 19639 | Lair:4   | Identified the +2 leather armour "Qoagogre" {Regen+ Str-3
                  | Stlth+} (You found it on level 2 of the Lair of Beasts)
 20653 | Lair:5   | Found a staircase to the Slime Pits.
 20654 | Lair:5   | Found a viscous altar of Jiyva.
 21614 | Lair:5   | Reached ***** piety under Sif Muna
 21951 | Lair:5   | Reached skill level 10 in Dodging
 22074 | Lair:5   | Reached skill level 10 in Fighting
 22531 | Lair:5   | Got a heavily runed ring mail
 22608 | Lair:6   | Entered Level 6 of the Lair of Beasts
 23090 | Lair:6   | Reached XP level 14. HP: 85/88 MP: 1/27
 23370 | Lair:6   | Found a runed translucent door.
 24214 | Lair:6   | Reached skill level 16 in Air Magic
 24228 | Lair:6   | Identified the +1 ring mail of the Devil's Team {*Corrode
                  | rF+ rC+++ Int+4} (You found it on level 5 of the Lair of
                  | Beasts)
 25109 | Lair:6   | Identified Sif Muna's Theurgy, Part Four (Sif Muna gifted
                  | it to you on level 6 of the Lair of Beasts)
 25109 | Lair:6   | Received a gift from Sif Muna
 25319 | Lair:6   | Got a bloodstained chain mail
 25506 | Lair:6   | Paralysed by a hornet for 2 turns
 26080 | Lair:6   | Reached skill level 10 in Spellcasting
 26761 | Lair:6   | Reached skill level 17 in Air Magic
 28674 | D:7      | Killed Harold
 28978 | Orc:1    | Entered Level 1 of the Orcish Mines
 28993 | Orc:1    | Reached skill level 18 in Air Magic
 29248 | Orc:1    | Found a transporter.
 29491 | Orc:1    | Found Ypoamysa's Gadget Shoppe.
 29497 | Orc:1    | Bought a wand of paralysis (4) for 78 gold pieces
 29767 | Orc:1    | Noticed Dysch's ghost (adept OpEn)
 29804 | Orc:1    | Noticed an orc warlord
 29825 | Orc:1    | Killed an orc warlord
 30247 | Orc:1    | Found a transporter.
 30657 | Orc:2    | Entered Level 2 of the Orcish Mines
 30728 | Orc:2    | Found a transporter.
 30743 | Orc:2    | Reached XP level 15. HP: 93/93 MP: 16/30
 30959 | Orc:2    | Identified the cursed +1 great mace of Plunder {drain, rC+
                  | rN+}
 30959 | Orc:2    | Noticed mopl's ghost (journeyman GrMo)
 31050 | Orc:2    | Found a transporter.
 31804 | Orc:2    | Found a staircase to the Elven Halls.
 32074 | Orc:2    | Identified Utoakyoggu's Volume of the Creative Frostbite
                  | (Sif Muna gifted it to you on level 2 of the Orcish Mines)
 32074 | Orc:2    | Received a gift from Sif Muna
 32688 | Orc:2    | Found Cocsal's Magic Scroll Boutique.
 32702 | Orc:2    | Bought a scroll of fog for 30 gold pieces
 32702 | Orc:2    | Bought a scroll of identify for 30 gold pieces
 32800 | Orc:2    | Found an ancient bone altar of Kikubaaqudgha.
 32805 | Orc:2    | Found Zamm's Antique Armour Shop.
 33081 | Orc:2    | Found a radiant altar of Vehumet.
 33123 | Orc:2    | Found a roughly hewn altar of Beogh.
 33123 | Orc:2    | Found Lueceat's Distillery.
 33135 | Orc:2    | Found Tovetzol's Gadget Boutique.
 33286 | Orc:2    | Bought a wand of acid (5) for 306 gold pieces
 33286 | Orc:2    | Bought a lamp of fire for 680 gold pieces
 33293 | Orc:2    | Bought a potion of heal wounds for 85 gold pieces
 33293 | Orc:2    | Bought a potion of curing for 51 gold pieces
 33293 | Orc:2    | Bought a potion of heal wounds for 85 gold pieces
 33293 | Orc:2    | Bought a potion of curing for 51 gold pieces
 33293 | Orc:2    | Bought a potion of curing for 51 gold pieces
 33293 | Orc:2    | Bought a potion of magic for 136 gold pieces
 33293 | Orc:2    | Bought a potion of curing for 51 gold pieces
 33328 | Orc:2    | Bought a scroll of immolation for 52 gold pieces
 33328 | Orc:2    | Bought a scroll of identify for 30 gold pieces
 33328 | Orc:2    | Bought a scroll of identify for 30 gold pieces
 33328 | Orc:2    | Bought a scroll of teleportation for 45 gold pieces
 33328 | Orc:2    | Bought a scroll of identify for 30 gold pieces
 33328 | Orc:2    | Bought a scroll of identify for 30 gold pieces
 33331 | Orc:2    | Identified the +11 chain mail of Nejoud {+Fly rC++ MP+9
                  | Int-2} (You found it on level 6 of the Lair of Beasts)
 34296 | D:12     | Found a runed translucent door.
 34296 | D:12     | Found a shimmering altar of Xom.
 34296 | D:12     | Noticed Mushotsu's ghost (journeyman HOFi)
 35368 | D:13     | Found a white marble altar of Elyvilon.
 35788 | D:13     | Noticed Josephine
 35905 | D:13     | Killed Josephine
 36253 | D:13     | Found Jooz's Weapon Emporium.
 36924 | D:13     | Found a gate to the Vaults.
 37336 | D:13     | You are sucked into a shaft and drop 2 floors!
 37336 | D:15     | Entered Level 15 of the Dungeon
 40138 | D:14     | Reached XP level 16. HP: 106/106 MP: 3/31
 41290 | D:15     | Upgraded the game from 0.25-a0-576-g50b708a4c4 to
                  | 0.25-a0-577-ga4619f409e
 42878 | D:15     | Found a staircase to the Depths.
 43093 | D:15     | Reached skill level 15 in Fighting
 44063 | Swamp:1  | Entered Level 1 of the Swamp
 49418 | Swamp:3  | Paralysed by a hornet for 3 turns
 49685 | Swamp:3  | Reached XP level 17. HP: 113/113 MP: 21/34
 49892 | Swamp:3  | Reached skill level 10 in Invocations
 50397 | Swamp:3  | Noticed Aizul
 50417 | Swamp:3  | HP: 5/113 [Aizul (13)]
 50422 | Swamp:3  | HP: 2/113 [Aizul (27)]
 50424 | Swamp:3  | Killed Aizul
 50424 | Swamp:3  | Reached XP level 18. HP: 25/120 MP: 0/35
 50801 | Snake:1  | Entered Level 1 of the Snake Pit
 51613 | Snake:1  | Found the +7 Kryia's mail coat {PotionHeal*2 rC+}
 53016 | Snake:2  | Identified a scroll of acquirement
 53016 | Snake:2  | Identified the ring of the Thirsty Cities {Int+6 SInv} (You
                  | acquired it on level 2 of the Snake Pit)
 55226 | Snake:2  | Killed from afar by a nagaraja

Levels and vault maps discovered:
D:1:      mrwooster_arrival_statue_2, layout_loops_ring, minmay_vboxes
D:2:      layout_rooms, nicolae_ru_path_of_blood, minmay_lizard_pond
D:3:      layout_loops_ring, overflow_temple_1_default, uniq_crazy_yiuf_cottage
D:4:      layout_loops_ring, nicolae_overflow_crystal_walls, serial_undead,
          serial_undead_e, serial_undead_a, serial_undead_e, serial_undead_c,
          serial_undead_b, serial_undead_b, serial_undead_e,
          kennysheep_windowed_goal
D:5:      layout_gridville, makhleb_blood_cavern_becter, basic_altar,
          first_ration, hangedman_minor_gate_pass
D:6:      layout_rooms, cheibrodos_ashenzari_chains, nemelex_altar_shiori,
          yredelemnul_altar_generic
D:7:      layout_basic, minmay_temple_entry_mini_moons, uniq_harold,
          uniq_prince_ribbit1, uniq_menkaure
D:8:      layout_basic, grunt_temple_overflow_order_and_chaos_1,
          lemuel_crystal_altar, grunt_dithmenos_smoke_and_mirrors,
          hangedman_little_slice_of_home
D:9:      layout_basic, overflow_temple_1_default
D:10:     kennysheep_spiral_hall, layout_stronghold,
          due_lair_maze_entry_diamond, uniq_grum, uniq_nergalle
D:11:     minmay_evil_eye, layout_irregular_city, hiddenorc2_lemuel,
          serial_glass, glass_columns_b, glass_columns_a, glass_columns_a,
          glass_columns_b, glass_columns_b, glass_columns_a, glass_columns_b,
          glass_columns_c, uniq_erica
D:12:     layout_grid_maze, ebering_ghost_xom, serial_glass, glass_columns_c,
          glass_columns_a, glass_columns_b, glass_columns_a, glass_columns_a,
          minmay_tree_intersection
D:13:     layout_rooms, erik_vaults_2, basic_altar, serial_shops,
          nicolae_shop_behind_doors, uniq_josephine
D:14:     layout_cave_pods, minmay_misc_feat_more_columns
D:15:     gammafunk_depths_entry_grave, layout_layer_cave, bh_walls_and_bars
Temple:   dpeg_chambers_temple
Lair:1:   layout_cave_shapes, basic_altar, serial_rivers,
          chequers_serial_rivers_micro_e, chequers_serial_rivers_micro_a,
          chequers_serial_rivers_small_a, chequers_serial_rivers_small_a,
          chequers_serial_rivers_small_b, chequers_serial_rivers_small_b,
          uniq_sonja
Lair:2:   layout_loops_ring, minmay_swamp_entry_reptiles,
          minmay_snake_entry_guardpost_small
Lair:3:   layout_gridlike
Lair:4:   layout_concentric_octagons
Lair:5:   layout_roguey, slime_altar_1
Lair:6:   wormcave, layout_loops_ring, hangedman_lair_caniforms_friends
Swamp:1:  layout_basic_swamp, evilmike_swamp_ruin_house_2
Swamp:2:  layout_falls_marsh, nicolae_swamp_stair_fork, swamp_pool3,
          hangedman_swamp_muck
Swamp:3:  layout_basic_swamp, evilmike_swamp_ruin_house_4, uniq_aizul
Snake:1:  layout_layer_cave
Snake:2:  layout_misc_corridors, serial_bayou_shore_b
Snake:3:  layout_rooms
Orc:1:    layout_diamond_mine, serial_shops, shop, gammafunk_ghost_smash,
          abandoned_shop
Orc:2:    kennysheep_orc_mage_school, layout_diamond_mine, gammafunk_ghost_smash

Skill      XL: |  1  2  3  4  5  6  7  8  9 10 11 12 13 14 15 16 17 18 |
---------------+-------------------------------------------------------+-----
Conjurations   | 2 3 4 5 6 |  6.2
Air Magic      | 5 6 7 10 11 12 13 15 18 | 18.0
Spellcasting   | 3 4 6 7 8 10 12 | 12.0
Fighting       | 3 4 8 10 14 15 16 | 16.7
Dodging        | 4 6 8 10 12 | 12.0
Stealth        | 4 |  4.0
Evocations     | 2 4 6 |  6.0
Invocations    | 2 6 8 9 10 | 10.0
Shields        | 4 |  4.1

Action                   |  1- 3 |  4- 6 |  7- 9 | 10-12 | 13-15 | 16-18 || total
-------------------------+-------+-------+-------+-------+-------+-------++-------
Melee: Dagger            |     4 |    20 |    72 |       |       |       ||    96
       Kick              |     1 |     5 |    21 |    17 |    67 |    42 ||   153
       Peck              |     1 |     3 |    14 |     6 |    35 |    18 ||    77
       Short sword       |       |       |       |    58 |   197 |     9 ||   264
       War axe           |       |       |       |       |       |   115 ||   115
Throw: Dart              |       |     4 |       |       |     2 |       ||     6
 Cast: Shock             |    68 |   125 |   200 |   264 |   187 |    15 ||   859
       Static Discharge  |       |       |    25 |    54 |   126 |    25 ||   230
       Airstrike         |       |       |    29 |   196 |   658 |   505 ||  1388
       Lightning Bolt    |       |       |       |    15 |    63 |    12 ||    90
       Mephitic Cloud    |       |       |       |       |     7 |       ||     7
       Blink             |       |       |       |       |     2 |       ||     2
Invok: Channel Magic     |       |       |       |     6 |    20 |    10 ||    36
 Abil: Fly               |       |     1 |       |       |       |       ||     1
Evoke: Wand              |       |       |     1 |     4 |     5 |    11 ||    21
       Lamp of fire      |       |       |       |       |     1 |     1 ||     2
       Tin of tremorston |       |       |       |       |     1 |       ||     1
  Use: Scroll            |     1 |     3 |     7 |     8 |    14 |    12 ||    45
       Potion            |       |       |     2 |     3 |     1 |     5 ||    11
 Stab: Sleeping          |       |       |     1 |     2 |     4 |     2 ||     9
       Distracted        |       |       |       |       |       |     1 ||     1
  Eat: Chunk             |     3 |     9 |    17 |    44 |    82 |    20 ||   175
       Ration            |       |       |     1 |     3 |    13 |    11 ||    28
Armor: Robe              |     3 |     3 |    11 |       |       |       ||    17
       Leather armour    |       |       |     8 |    32 |    65 |    69 ||   174
Dodge: Dodged            |     9 |    28 |   108 |   139 |   462 |   324 ||  1070
Block: Buckler           |       |       |       |     4 |   127 |    93 ||   224

Table legend:
 A = Non-vault XP
 B = Vault XP
 C = Vault XP percentage of total XP
 D = Non-vault monster count
 E = Vault monster count
 F = Vault count percentage of total count
                 A         B        C        D         E       F
            +---------+---------+-------+---------+---------+-------
      Total |  151434 |   54041 |  26.3 |     718 |     249 |  25.7
            +---------+---------+-------+---------+---------+-------
        D:1 |      36 |      19 |  34.5 |      22 |       8 |  26.7
        D:2 |      73 |       7 |   8.8 |      13 |       7 |  35.0
        D:3 |     119 |      41 |  25.6 |      28 |       1 |   3.4
        D:4 |     495 |     384 |  43.7 |      24 |      14 |  36.8
        D:5 |     366 |     199 |  35.2 |      15 |       6 |  28.6
        D:6 |     698 |       0 |   0.0 |      18 |       0 |   0.0
        D:7 |     995 |    1504 |  60.2 |      25 |       3 |  10.7
        D:8 |    1503 |     168 |  10.1 |      34 |       8 |  19.0
        D:9 |    1842 |       0 |   0.0 |      22 |       0 |   0.0
       D:10 |    2071 |    4188 |  66.9 |      20 |      20 |  50.0
       D:11 |    8160 |    1465 |  15.2 |      44 |      36 |  45.0
       D:12 |    5685 |    2157 |  27.5 |      32 |       3 |   8.6
       D:13 |    7589 |    7418 |  49.4 |      39 |       9 |  18.8
       D:14 |   12699 |       0 |   0.0 |      29 |       0 |   0.0
       D:15 |    6533 |    5463 |  45.5 |      20 |       8 |  28.6
     Lair:1 |    2650 |     814 |  23.5 |      15 |       1 |   6.2
     Lair:2 |    2190 |    1149 |  34.4 |      11 |       7 |  38.9
     Lair:3 |    6100 |       0 |   0.0 |      16 |       0 |   0.0
     Lair:4 |    4723 |       0 |   0.0 |      13 |       0 |   0.0
     Lair:5 |   14302 |       0 |   0.0 |      40 |       0 |   0.0
     Lair:6 |    6245 |   16754 |  72.8 |      19 |      73 |  79.3
    Swamp:1 |   10668 |       0 |   0.0 |      28 |       0 |   0.0
    Swamp:2 |   12235 |    3809 |  23.7 |      43 |      10 |  18.9
    Swamp:3 |   10256 |    1728 |  14.4 |      21 |       1 |   4.5
    Snake:1 |    8380 |       0 |   0.0 |      18 |       0 |   0.0
    Snake:2 |    7106 |       0 |   0.0 |      13 |       0 |   0.0
    Snake:3 |    7335 |       0 |   0.0 |       9 |       0 |   0.0
      Orc:1 |    7085 |       0 |   0.0 |      49 |       0 |   0.0
      Orc:2 |    3295 |    6774 |  67.3 |      38 |      34 |  47.2
            +---------+---------+-------+---------+---------+-------
